Map: Prion Terraces

Players

jitovan

  • Race: Protoss Protoss
  • League: Diamond

LilDicky - Winner!

  • Race: Terran Terran
  • League: Diamond

VOD

http://www.twitch.tv/tumescentpie

Description

Time

  • Played on: Dec. 6, 2015, 8:29 p.m.
  • Length: 16:12
Show
View Real Time Build Order
Export as new Build Order

jitovan Protoss 

Build Orders: Oracle Opening 

Get SALT Encoding   

  12  0:01  Probe (Chrono Boost)  
  13  0:11  Probe (Chrono Boost)  
  14  0:18  Pylon  
  14  0:22  Probe (Chrono Boost)  
  15  0:31  Assimilator  
  15  0:42  Gateway  
  15  0:45  Probe (Chrono Boost)  
  16  0:56  Probe (Chrono Boost)  
  17  0:57  Pylon  
  17  1:07  Probe (Chrono Boost)  
  17  1:09  Assimilator  
  18  1:17  Probe (Chrono Boost)  
  19  1:28  Probe (Chrono Boost)  
  19  1:31  Cybernetics Core  
  20  1:38  Probe (Chrono Boost)  
  21  1:58  Probe (Chrono Boost)  
  22  2:02  Forge  
  22  2:07  Warp Gate (Chrono Boost)  
  21  2:08  Adept  
  21  2:14  Mothership Core (Chrono Boost)  
  25  2:30  Gateway  
  25  2:32  Probe (Chrono Boost), Pylon  
  26  2:53  Stargate  
  26  3:09  Photon Cannon  
  24  3:21  Probe  
  25  3:29  Gateway  
  25  3:30  Pylon  
  25  3:33  Probe  
  26  3:45  Oracle (Chrono Boost)  
  29  3:49  Gateway  
  26  4:07  Probe  
  30  4:17  Oracle (Chrono Boost)  
  30  4:19  Probe  
  31  4:45  Adept x2  
  33  4:46  Adept x2  
  39  4:53  Probe  
  39  4:58  Gateway  
  40  5:05  Probe  
  33  5:17  Sentry x2  
  37  5:22  Adept  
  37  5:23  Adept  
  41  5:37  Pylon  
  41  5:41  Sentry  
  39  6:15  Stalker x3  
  39  6:16  Stalker  
  47  6:20  Sentry  
  39  6:48  Stalker x3  
  39  6:49  Stalker  
  41  7:11  Nexus  
  37  7:28  Photon Cannon  
  37  7:32  Photon Cannon  
  37  7:35  Pylon  
  36  8:17  Pylon  
  36  8:18  Pylon  
  36  8:20  Pylon  
  35  8:50  Cybernetics Core  
  35  8:53  Gateway x2  
  39  9:11  Void Ray (Chrono Boost)  
  39  9:27  Stalker  
  41  9:49  Oracle (Chrono Boost)  
  42  9:56  Pylon  
  42  10:11  Pylon  
  42  10:15  Pylon  
  42  10:18  Nexus  
  40  10:33  Void Ray (Chrono Boost)  
  44  10:36  Stalker  
  44  10:48  Pylon  
  44  10:53  Assimilator  
  44  10:56  Assimilator  
  29  11:44  Gateway  
  29  11:45  Gateway  
  29  11:48  Probe  
  29  11:50  Assimilator  
  30  11:55  Assimilator  
  30  11:58  Forge  
  30  11:59  Probe  
  30  12:01  Probe  
  32  12:09  Probe  
  32  12:13  Probe  
  34  12:20  Probe  
  35  12:25  Probe  
  30  12:30  Probe  
  20  12:37  Probe  
  20  12:41  Probe  
  15  12:46  Stalker  
  15  12:47  Stalker x2  
  20  12:51  Probe  
  17  13:03  Photon Cannon  
  15  13:12  Probe  
  9  13:27  Adept  
  11  13:45  Zealot  
  13  13:59  Probe  
  12  14:09  Probe  
Show
View Real Time Build Order
Export as new Build Order

LilDicky Terran - Winner!

Build Orders: MMM Bio 

Get SALT Encoding   

  12  0:01  SCV  
  13  0:13  SCV  
  14  0:19  Supply Depot  
  14  0:25  Refinery  
  14  0:32  SCV  
  15  0:44  SCV  
  15  0:46  Barracks  
  16  0:56  SCV  
  17  1:10  SCV  
  18  1:23  SCV  
  19  1:33  Marine  
  19  1:35  Supply Depot, Orbital Command  
  20  1:41  Factory  
  20  1:57  Marine  
  21  2:07  Barracks  
  21  2:09  Barracks  
  21  2:13  SCV  
  22  2:23  Barracks Reactor  
  22  2:28  SCV  
  23  2:31  Refinery  
  23  2:38  Widow Mine  
  23  2:40  SCV  
  26  2:52  SCV  
  27  2:58  Barracks Tech Lab x2  
  27  3:02  Supply Depot  
  27  3:04  Marine x2  
  28  3:06  SCV, Widow Mine  
  31  3:23  Combat Shields  
  31  3:24  Stimpack, Marine x2  
  33  3:29  Marine x2  
  33  3:30  SCV  
  35  3:36  Supply Depot  
  35  3:43  Marine x2  
  35  3:56  Marine x2  
  37  4:02  Marine  
  37  4:03  Starport, Marine  
  37  4:05  SCV  
  38  4:17  SCV  
  38  4:21  Marauder x2, Marine  
  39  4:40  Marine x2  
  39  4:41  Medivac  
  39  4:42  Marauder, Marine  
  46  4:46  SCV  
  47  4:53  Supply Depot  
  47  5:05  Marine  
  47  5:06  Marine  
  47  5:07  Marine x2  
  47  5:11  SCV  
  47  5:16  Medivac  
  49  5:23  Marine x2  
  49  5:25  Marine x2  
  49  5:28  Supply Depot  
  53  5:41  Marine x2  
  25  6:49  Orbital Command  
  18  7:03  Starport Tech Lab  
  15  7:25  Banshee  
  15  7:26  Cloaking Field  
  18  7:33  SCV  
  19  8:00  SCV, Marine  
  21  8:09  Banshee  
  24  8:18  Marine  
  24  8:36  SCV  
  19  9:25  Banshee  
  22  10:15  Marine x2  
  22  10:16  Viking  
  26  10:33  Marine x3  
  29  10:36  SCV  
  28  10:51  Refinery x2, Marine x3  
  31  11:08  Marine  
  31  11:09  Marine  
  12  11:38  Widow Mine  
  12  11:39  Marine x3  
  17  11:41  SCV  
  18  11:53  SCV  
  19  11:57  Marine x3  
  22  12:14  SCV  
  22  12:15  Marine x3  
  22  12:32  Marine  
  22  12:33  Marine x2  
  24  12:46  Banshee  
  24  12:50  Marine x3  
  23  13:08  Marine x2  
  23  13:19  Marine  
  23  13:22  SCV  
  23  13:26  Marine x2  
  27  13:34  SCV  
  27  13:37  Marine  
  29  13:44  Marine  
  29  13:47  SCV  
  31  13:59  SCV  
  31  14:02  Marine  
  33  14:03  Marine  
  34  14:11  SCV  
  34  14:18  Marine  
  34  14:20  Marine  
  34  14:21  Marine  
  34  14:26  Supply Depot  
  34  14:37  Marine  
  34  14:48  Marine  
  34  15:13  SCV  
  34  15:15  Supply Depot, Marine x3  
  34  15:25  SCV  
Tags
 
Add a new tag
Caveats
  • Supply blocks, unpowered buildings, or Contaminate may cause inaccurate times.
  • Supply counts are checked every 10 seconds.